 Dungeon Crawl Stone Soup version 0.28-a0-773-g130ae17fe5 (webtiles) character file.

Game seed: 6155229298190472200

18 cheechan the Skirmisher (level 2, -14/26 (28) HPs)
             Began as a Naga Fighter on Nov 1, 2021.
             Demolished by Crazy Yiuf (15 damage)
             ... on level 2 of the Dungeon.
             The game lasted 00:01:59 (560 turns).

cheechan the Skirmisher (Naga Fighter)               Turns: 560, Time: 00:01:59

HP:   -14/26 (28)   AC:  4    Str: 18    XL:     2   Next: 66%
MP:   0/2           EV:  7    Int:  8    God:
Gold: 17            SH:  5    Dex: 10    Spells: 1/1 levels left

rFire   . . .      SeeInvis +   a - +0 war axe (venom)
rCold   . . .      Faith    .   c - +1 buckler
rNeg    . . .      Spirit   .   b - +0 scale mail
rPois   +          Reflect  .   (no helmet)
rElec   .          Harm     .   (no cloak)
rCorr   .          Rampage  .   (no gloves)
Will    .....                   (no barding)
Stlth   ..........              (no amulet)
HPRegen 0.08/turn               (no ring)
MPRegen 0.08/turn               (no ring)

@: mighty, drained, very slow
A: AC +0, large, see invisible, deformed body, poison resistance, slowness 2,
spit poison 1, naga tail 1
a: Spit Poison


You were on level 2 of the Dungeon.
You visited 1 branch of the dungeon, and saw 2 of its levels.

You collected 17 gold pieces.

Inventory:

Hand Weapons
 a - a +0 war axe of venom (weapon)
Missiles
 f - 32 stones
 i - 26 sling bullets
Armour
 b - a +0 scale mail (worn)
 c - a +1 buckler (worn)
Scrolls
 e - a scroll of identify
Potions
 g - a potion of attraction


   Skills:
 + Level 3.2 Fighting
 + Level 2.2 Axes
 + Level 2.6 Armour
 + Level 2.6 Shields


You had one spell level left.
You didn't know any spells.
Your spell library was empty.

Dungeon Overview and Level Annotations

Branches:
Dungeon (2/15)

Altars:

Annotations:
D:2 Crazy Yiuf


Innate Abilities, Weirdness & Mutations

Your serpentine skin is tough. (AC +0)
You have supernaturally acute eyesight. (SInv)
Armour fits poorly on your strangely shaped body.
Your system is resistant to poisons. (rPois)
You cover ground very slowly.
You can spit poison.
You have a snake-like lower body.


Message History

You kill the rat!
A rat comes into view.
Found a stone staircase leading down.
The rat barely misses you. The rat bites you but does no damage.
You closely miss the rat. The rat closely misses you.
You hit the rat.
The rat is poisoned.
The rat is moderately wounded.
You kill the rat!
There is a stone staircase leading down here.
Found a scroll of identify.
e - 2 scrolls of identify (gained 1)
Okay, then.
As you read the scroll of identify, it crumbles to dust.
g - a potion of attraction A kobold comes into view.
It is wielding a +0 club.
You closely miss the kobold. The kobold misses you.
The kobold hits you with a +0 club.
You hit the kobold but do no damage.
The kobold is poisoned.
The kobold hits you with a +0 club.
You hit the kobold.
You kill the kobold!
Things that are here:
a +0 club; a kobold corpse
There is a stone staircase leading down here.
You climb downwards.
There is a stone staircase leading up here.
Found a mace.
Found a runed translucent door.
You feel very mighty all of a sudden.
You open the door. You closely miss Crazy Yiuf. Crazy Yiuf barely misses you.
You barely miss Crazy Yiuf.
Crazy Yiuf hits you with a +3 quarterstaff of chaos!
You feel drained.
Crazy Yiuf hits you with a +3 quarterstaff of chaos!
* * * LOW HITPOINT WARNING * * *
You feel your power leaking away.
You completely miss Crazy Yiuf.
Crazy Yiuf hits you with a +3 quarterstaff of chaos!
Ouch! That really hurt!
You die...

#####
#..)#
#...#
...
#g#
♣♣@♣
♣.♣♣
♣♣.♣
♣.♣♣
♣♣.♣♣
♣...♣♣
♣....♣
##..##
#....#


You could see Crazy Yiuf.

Vanquished Creatures
  A dart slug (D:1)
  An endoplasm (D:1)
  2 giant cockroaches (D:1)
  A goblin (D:1)
  2 hobgoblins (D:1)
  A ball python (D:1)
  A frilled lizard (D:1)
  4 kobolds (D:1)
  3 rats (D:1)
16 creatures vanquished.

Notes
Turn   | Place    | Note
-------+----------+-------------------------------------------
     0 | D:1      | cheechan the Naga Fighter began the quest for the Orb.
     0 | D:1      | Reached XP level 1. HP: 21/21 MP: 1/1
    85 | D:1      | Reached XP level 2. HP: 20/28 MP: 2/2
   552 | D:2      | Found a runed translucent door.
   553 | D:2      | Noticed Crazy Yiuf
   559 | D:2      | HP: 1/26 [Crazy Yiuf (12)]
   560 | D:2      | Demolished by Crazy Yiuf

Illustrated notes

Levels and vault maps discovered:
D:1:      dpeg_arrival_houses_and_road, layout_loops_cross
D:2:      cheibrodos_greedy_goblins, layout_loops_ring, serial_shops, shop,
          ebering_ecumenical_altar_rust, nrook_mini_vaults,
          uniq_crazy_yiuf_cottage, uniq_robin

Action                   || total
-------------------------++-------
Melee: War axe           ||    32
 Abil: Spit Poison       ||     1
  Use: Scroll            ||     5
       Potion            ||     1
Armor: Scale mail        ||    13
Dodge: Dodged            ||     7
Block: Buckler           ||     3

Table legend: (Time is in decaauts)
 A = Elapsed time spent in this place.
 B = Non-inter-level travel time spent in this place.
 C = Inter-level travel time spent in this place.
 D = Time resting spent in this place.
 E = Time spent auto-exploring this place.
 F = Levels seen in this place.
 G = Mean time per level.
                   A        B        C        D        E       F      G
               +--------+--------+--------+--------+--------+-----+--------+
         Total |    773 |    773 |      0 |      0 |      0 |   2 |  386.5 |
       Dungeon |    773 |    773 |      0 |      0 |      0 |   2 |  386.5 |
               +--------+--------+--------+--------+--------+-----+--------+

Top non-repeatable levels by time:
     D:1: 745 daAuts
     D:2: 28 daAuts
